Map: Metropolis LE

Players

TimeTwist - Winner!

  • Race: Zerg Zerg
  • Spawn Location: 3:00

Scaramanga - Winner!

  • Race: Terran Terran
  • Spawn Location: 12:00

dallaskuken

  • Race: Protoss Protoss
  • League: Silver
  • Spawn Location: 9:00

FrogMint

  • Race: Zerg Zerg
  • Spawn Location: 6:00

VOD

Have the link to the VOD?

Description

Time

  • Played on: March 8, 2017, 5:17 p.m.
  • Length: 7:03
Show
View Real Time Build Order
Export as new Build Order

TimeTwist Zerg - Winner!

Build Orders: Pool First 

Get SALT Encoding   

  12  0:01  Drone  
  13  0:12  Overlord  
  13  0:17  Drone  
  14  0:25  Drone, Extractor  
  14  0:31  Drone  
  14  0:35  Drone  
  16  0:45  Drone  
  17  0:54  Spawning Pool  
  17  0:56  Drone  
  17  1:07  Drone  
  18  1:23  Drone  
  19  1:34  Hatchery  
  18  1:40  Queen  
  18  1:45  Metabolic Boost  
  20  1:50  Overlord  
  20  1:57  Drone x2  
  22  2:09  Drone  
  23  2:15  Drone  
  23  2:19  Queen  
  26  2:25  Overlord  
  26  2:49  Zergling x12  
  32  2:59  Queen  
  32  3:02  Drone  
  35  3:06  Overlord  
  35  3:14  Drone  
  34  3:27  Zergling x4  
  34  3:28  Zergling x8  
  34  3:31  Zergling x2  
  38  3:47  Evolution Chamber  
  37  3:54  Drone x2  
  39  4:05  Drone x2, Overlord  
  39  4:06  Drone x4  
  39  4:07  Lair  
  45  4:14  Zergling x6  
  45  4:24  Zergling x4  
  44  4:39  Zergling x2  
  44  4:40  Zergling x6  
  44  4:44  Extractor  
  47  4:57  Spore Crawler  
  47  4:59  Drone x3, Spore Crawler  
  49  5:00  Drone x3  
  49  5:03  Hatchery  
  50  5:13  Drone x7, Extractor  
  55  5:37  Overlord  
  55  5:38  Drone x2  
  57  5:49  Spire  
  52  6:04  Hatchery  
  47  6:06  Zergling x2  
  47  6:07  Zergling x12  
  52  6:21  Queen  
Show
View Real Time Build Order
Export as new Build Order

Scaramanga Terran - Winner!

Build Orders: MMM Bio 

Get SALT Encoding   

  12  0:00  SCV  
  13  0:13  SCV  
  14  0:17  Supply Depot  
  14  0:25  SCV  
  15  0:39  SCV  
  15  0:40  Barracks  
  16  0:51  SCV  
  16  0:56  Refinery  
  17  1:03  SCV  
  18  1:16  SCV  
  19  1:30  Supply Depot  
  19  1:32  Orbital Command  
  19  1:46  Command Center  
  19  1:48  Marine  
  20  1:58  SCV  
  21  2:11  Barracks  
  21  2:13  SCV, Barracks  
  22  2:17  Marine  
  23  2:26  Refinery  
  23  2:27  SCV  
  24  2:39  SCV  
  24  2:40  Barracks Tech Lab  
  25  2:51  SCV  
  25  2:58  Combat Shields  
  26  3:03  SCV  
  27  3:16  SCV  
  27  3:18  Supply Depot  
  28  3:20  Marine  
  28  3:21  Bunker, Marine x2  
  31  3:28  SCV x2  
  33  3:38  Marine x2  
  33  3:39  Marine  
  33  3:40  SCV  
  33  3:41  SCV  
  38  3:52  SCV  
  38  3:53  SCV  
  38  3:54  Factory  
  40  3:56  Marine x2, Engineering Bay  
  40  4:00  Marine  
  43  4:04  SCV  
  45  4:11  Orbital Command  
  45  4:14  Marine  
  45  4:22  SCV  
  46  4:27  Terran Infantry Weapons Level 1  
  46  4:33  Refinery  
  46  4:34  SCV  
  47  4:42  Factory Reactor  
  47  4:43  Starport, Refinery  
  47  4:45  Barracks Reactor  
  47  4:46  SCV, Barracks Tech Lab  
  47  4:48  Stimpack  
  47  4:50  Marauder  
  50  4:55  SCV  
  50  4:58  SCV  
  52  5:02  Supply Depot  
  52  5:03  Supply Depot  
  52  5:07  SCV  
  52  5:08  Supply Depot  
  52  5:10  SCV  
  54  5:21  Command Center  
  54  5:23  SCV x2  
  56  5:30  Marauder x2, Marine  
  56  5:31  Marine  
  62  5:35  SCV  
  62  5:38  Factory Tech Lab  
  63  5:48  Missile Turret  
  63  5:50  Missile Turret  
  63  5:51  Marauder  
  63  5:52  Missile Turret  
  63  5:57  Missile Turret, Marine  
  65  5:58  Marine  
  67  6:15  SCV  
  67  6:16  SCV  
  67  6:17  Missile Turret  
  69  6:18  Marine x2  
  69  6:19  Marauder x2  
  69  6:20  Medivac  
  73  6:32  SCV x2  
  75  6:36  Marine x2  
  75  6:39  Marine  
  77  6:40  Marine  
  77  6:44  SCV x2  
Show
View Real Time Build Order
Export as new Build Order

dallaskuken Protoss 

Build Orders:  

Get SALT Encoding   

  12  0:02  Probe (Chrono Boost)  
  13  0:13  Probe (Chrono Boost)  
  14  0:19  Pylon  
  14  0:27  Probe (Chrono Boost)  
  15  0:37  Probe (Chrono Boost)  
  16  0:48  Gateway, Probe (Chrono Boost)  
  17  0:58  Probe (Chrono Boost)  
  18  1:06  Pylon  
  18  1:09  Probe (Chrono Boost)  
  19  1:13  Assimilator  
  19  1:19  Probe (Chrono Boost)  
  20  1:31  Probe (Chrono Boost)  
  21  1:37  Cybernetics Core  
  21  1:41  Probe (Chrono Boost)  
  21  1:42  Zealot  
  24  1:52  Pylon  
  24  2:00  Probe (Chrono Boost)  
  25  2:06  Warp Gate  
  25  2:07  Assimilator  
  25  2:11  Probe (Chrono Boost)  
  26  2:24  Zealot  
  28  2:30  Pylon  
  28  2:37  Forge  
  28  2:42  Probe (Chrono Boost)  
  29  2:52  Sentry  
  29  2:54  Probe (Chrono Boost)  
  32  3:03  Gateway  
  33  3:06  Gateway, Probe (Chrono Boost)  
  33  3:08  Gateway  
  33  3:14  Protoss Ground Weapons Level 1  
  34  3:20  Probe (Chrono Boost)  
  31  3:34  Stalker  
  36  3:43  Pylon  
  36  3:48  Pylon  
  36  3:51  Pylon  
  36  4:21  Zealot x2  
  40  4:32  Zealot x2  
  44  4:50  Robotics Facility  
  43  4:56  Probe (Chrono Boost)  
  44  5:00  Protoss Ground Armor Level 1  
  44  5:02  Photon Cannon  
  44  5:05  Photon Cannon  
  45  5:08  Probe (Chrono Boost)  
  45  5:10  Photon Cannon  
  45  5:18  Stalker  
  45  5:19  Stalker x2  
  45  5:20  Probe (Chrono Boost)  
  52  5:25  Stalker  
  54  5:41  Observer  
  55  6:23  Zealot x4  
Show
View Real Time Build Order
Export as new Build Order

FrogMint Zerg 

Build Orders: Pool First 

Get SALT Encoding   

  12  0:08  Overlord  
  12  0:13  Drone  
  13  0:21  Drone  
  14  0:35  Spawning Pool  
  13  0:38  Drone  
  13  0:42  Extractor  
  13  0:45  Drone  
  14  0:50  Drone  
  14  0:54  Drone  
  16  1:02  Drone  
  17  1:13  Drone  
  18  1:26  Queen  
  18  1:28  Drone  
  21  1:35  Zergling x2  
  22  1:51  Overlord  
  22  1:53  Hatchery  
  21  1:59  Metabolic Boost  
  21  2:07  Drone  
  22  2:11  Overlord  
  22  2:20  Drone  
  23  2:33  Zergling x2  
  23  2:36  Zergling x6  
  27  2:50  Zergling x2  
  28  2:54  Lair  
  28  3:17  Queen  
  31  3:20  Drone x2  
  31  3:21  Drone x4  
  31  3:25  Extractor  
  34  3:33  Zergling x6  
  36  3:52  Queen  
  36  3:53  Drone  
  39  4:07  Hatchery  
  37  4:12  Zergling x2  
  37  4:13  Zergling x6  
  35  4:21  Zergling x6  
  30  4:39  Drone  
  30  4:40  Drone x4  
  35  4:54  Spire  
  35  4:59  Queen  
  36  5:09  Drone x3  
  36  5:10  Drone  
  36  5:12  Extractor  
  36  5:13  Extractor  
  35  5:25  Zergling x8  
  35  5:26  Zergling x2  
  28  5:35  Zergling x4  
  28  5:36  Zergling x2  
  7  5:58  Drone x2  
Tags
 
Add a new tag
Caveats
  • Supply blocks, unpowered buildings, or Contaminate may cause inaccurate times.
  • Supply counts are checked every 10 seconds.